 Dungeon Crawl Stone Soup version 0.31.0-32-g396128a36d (webtiles) character file.

Game seed: 11913049989933334226

63543 anver83 the Severer (level 15, -10/124 HPs)
             Began as a Vine Stalker Fighter on Apr 20, 2024.
             Was an Initiate of Gozag.
             Mangled by a redback (11 damage)
             ... on level 2 of the Spider Nest on Apr 23, 2024.
             The game lasted 01:46:06 (17327 turns).

anver83 the Severer (Vine Stalker Fighter)         Turns: 17327, Time: 01:46:06

Health: -10/124    AC: 10    Str: 33    XL:     15   Next: 10%
Magic:  0/16       EV:  7    Int: 18    God:    Gozag
Gold:   2244       SH:  6    Dex: 14    Spells: 14/14 levels left

rFire   . . .        g - +5 war axe of Ancient Evil {vamp, Int+3}
rCold   . . .        c - +0 buckler
rNeg    + + .        K - +1 crystal plate armour
rPois   .            i - +2 helmet
rElec   +            (no cloak)
rCorr   .            (no gloves)
SInv    .            f - +2 pair of boots
Will    +....        N - amulet of Pitarch {Acrobat rElec rN++ Str+3 Int+3} Stlth
                     j - +4 ring of slaying
HPRegen 1.20/turn    T - +6 ring of strength
MPRegen 0.15/turn

%: acrobat, guardian spirit
@: brilliant, berserking, lethally poisoned (-10 -> -33), corroded, very quick
A: fangs 3, regeneration 1, magic shield, antimagic bite, no potion heal 2,
talons 1, iridescent scales 1, clever 1, inability to read after injury 1
a: Renounce Religion, Potion Petition, Call Merchant, Bribe Branch


You were on level 2 of the Spider Nest.
You worshipped Gozag.
Gozag was most pleased with you.
You visited 3 branches of the dungeon, and saw 17 of its levels.
You also visited: Sewer.

You collected 6016 gold pieces.
You spent 360 gold pieces at shops.
You paid 3412 gold pieces to Gozag.

Inventory:

Hand Weapons
 g - the +5 war axe of Ancient Evil (weapon) {vamp, Int+3}
   (You acquired it on level 1 of the Dungeon)

   Int+3:     It affects your intelligence (+3).
 s - a +1 flail of holy wrath
 u - the +5 executioner's axe of the Furious {protect, rPois rCorr MP+9 Dex-4}
   (You acquired it in a sewer)

   Dex-4:     It affects your dexterity (-4).
   rPois:     It protects you from poison MP+9: It affects your magic capacity
   (+9).
   rCorr:     It protects you from acid and corrosion.
Missiles
 y - 3 throwing nets (quivered)
Armour
 c - a +0 buckler (worn)
 f - a +2 pair of boots (worn)
 i - a +2 helmet (worn)
 E - a +2 robe of willpower
 K - a +1 crystal plate armour (worn)
Jewellery
 b - a ring of willpower
 j - a +4 ring of slaying (left hand)
 m - an amulet of regeneration
 A - a +6 ring of dexterity
 N - the amulet of Pitarch (around neck) {Acrobat rElec rN++ Str+3 Int+3}
   (You found it on level 3 of the Lair of Beasts)

   [amulet of the acrobat]

   Acrobat:   It increases your evasion while moving and waiting.
   Str+3:     It affects your strength (+3).
   Int+3:     It affects your intelligence (+3).
   rElec:     It insulates you from electricity.
   rN++:      It greatly protects you from negative energy.
 Q - a ring of magical power
 S - an amulet of the acrobat
 T - a +6 ring of strength (right hand)
 V - the amulet "Acsas" {Reflect Will+ Dex+3 SH+5 SInv}
   (You found it on level 5 of the Lair of Beasts)

   [amulet of reflection]

   Reflect:   It reflects blocked missile attacks.
   Dex+3:     It affects your dexterity (+3).
   Will+:     It increases your willpower.
   SInv:      It lets you see invisible.
   SH+5:      It affects your SH (+5).
Wands
 B - a wand of polymorph (7)
 C - a wand of iceblast (31)
 H - a wand of acid (11)
 O - a wand of digging (5)
Scrolls
 a - 5 scrolls of revelation
 k - a scroll of summoning
 o - 4 scrolls of fear
 p - 4 scrolls of immolation
 q - 6 scrolls of teleportation
 t - 2 scrolls of blinking
 v - 3 scrolls of poison
 F - 4 scrolls of amnesia
 J - 3 scrolls of fog
Potions
 d - 3 potions of might
 e - 5 potions of curing
 h - 5 potions of brilliance
 l - 4 potions of enlightenment
 n - a potion of invisibility
 r - 3 potions of lignification
 w - 3 potions of magic
 x - a potion of haste
 z - a potion of cancellation
 I - a potion of mutation
 M - 2 potions of berserk rage
 P - 2 potions of attraction
 R - a potion of ambrosia {unknown}
 U - a potion of resistance {unknown}


   Skills:
 + Level 11.6 Fighting
 - Level 15.8(16.0) Axes
 + Level 3.5(10.9) Maces & Flails
 + Level 1.0 Throwing
 + Level 10.5 Armour
 + Level 3.6 Dodging
 + Level 4.1 Stealth
 + Level 8.0 Shields


You had 14 spell levels left.
You didn't know any spells.
Your spell library contained the following spells:

 Spells                   Type           Power      Damage    Failure   Level
 Apportation              Tloc           0%         N/A       99%         1
 Necrotise                Necr           0%         1d4       99%         1
 Sting                    Conj/Alch      0%         1d3       99%         1
 Summon Small Mammal      Summ           0%         N/A       99%         1
 Blink                    Tloc           0%         N/A       100%        2
 Jinxbite                 Hex            0%         N/A       100%        2
 Lesser Beckoning         Tloc           0%         N/A       100%        2
 Momentum Strike          Conj/Tloc      0%         3d8       100%        2
 Tukima's Dance           Hex            0%         N/A       100%        3
 Passage of Golubria      Tloc           0%         N/A       100%        4
 Vhi's Electric Charge    Tloc/Air       0%         N/A       100%        4
 Arcjolt                  Conj/Air       0%         1d10      100%        5
 Yara's Violent Unravell  Hex/Alch       0%         3d3       100%        5
 Enfeeble                 Hex            0%         N/A       100%        7
 Maxwell's Capacitive Co  Air            0%         ∞         100%        8


Dungeon Overview and Level Annotations

Branches:
Dungeon (10/15)            Temple (0/1) D:7            Lair (5/5) D:10
  Swamp (0/4) Lair:3       Spider (2/4) Lair:3        Slime (0/5) Lair:4
    Orc (0/2) D:9           Sewer (visited)

Altars:
Ashenzari
Cheibriados
Elyvilon
Gozag
Hepliaklqana
Kikubaaqudgha
Makhleb
Okawaru
Ru
Trog
Xom
The Shining One
Jiyva

Shops:
D:2 ?*((   D:6 =   D:7 :

Annotations:
Lair:2 3 runed translucent doors, unglucky's ghost, journeyman MiBe
Lair:5 exclusion: obsidian statue
Spider:1 2 transporters, Beaer's ghost, journeyman TrFi


Innate Abilities, Weirdness & Mutations

You have razor-sharp teeth.
Your natural rate of healing is unusually fast.
When hurt, damage is shared between your health and your magic reserves.
Your bite disrupts and absorbs the magic of your enemies.
Potions cannot restore your health.
You have sharp toenails.
You are partially covered in iridescent scales. (AC +2)
Your mind is acute. (Int +4, Str/Dex -1)
You occasionally lose the ability to read scrolls when taking damage.


Message History

You block the redback's attack. The wolf spider hits you!
* * * LOW HITPOINT WARNING * * *
The wolf spider bites you but does no damage.
The entropy weaver hits you but does no damage.
The entropy weaver hits you.
* * * LOW HITPOINT WARNING * * *
The entropy weaver hits you but does no damage. x2 [a] - 280 gold - heal wounds and berserk rage [b] - 780 gold - resistance, invisibility, brilliance and magic [c] - 483 gold - curing, magic and haste Purchase which effect?
You feel much better.
A red film seems to cover your vision as you go berserk!
You feel yourself moving faster!
You feel mighty! The wolf spider hits you. The wolf spider barely misses you.
You block the redback's attack.
The entropy weaver hits you. x4; The wolf spider hits you!!
* * * LOW HITPOINT WARNING * * *
The wolf spider bites you.
* * * LOW HITPOINT WARNING * * *
You are lethally poisoned!
The wolf spider poisons you!
The redback bites you but does no damage.
You block the entropy weaver's attack. The entropy weaver hits you.
* * * LOW HITPOINT WARNING * * *
The entropy weaver hits you!
* * * LOW HITPOINT WARNING * * *
The entropy weaver hits you but does no damage.
You are too berserk!
You barely miss the entropy weaver. Your bite misses the entropy weaver.
The entropy weaver is severely wounded.
You hit the redback.
You feel better.
You hit the wolf spider.
You feel better.
You completely miss the entropy weaver.
* * * LOW HITPOINT WARNING * * *
You feel very sick. The entropy weaver closely misses you.
The entropy weaver barely misses you. The entropy weaver closely misses you.
The entropy weaver hits you!
* * * LOW HITPOINT WARNING * * *
The redback bites you!
You die...
Your body crumbles into a pile of gold.

#.#... #................ #^...
#..<............. #...
#..........=....#
#^#.##.............^..
#..#.......^.............
#^..ss..s....<.........
#^#..B.#..^.............
.s..##.##s............... .# #..
###@B^.............. .^# .^
##.sB............... ...#
##...................
....#########..................##
................................#
...............................##
..............).......^..........
.............................^..#
.................................


You could see 2 entropy weavers, a wolf spider, an orb spider and a redback.

Vanquished Creatures
  An emperor scorpion (Spider:1)
  A broodmother (Spider:1)
  4 dire elephants
  A spark wasp (Spider:1)
  3 hydras
  2 radroaches
  3 two-headed ogres
  A demonic crawler (Lair:3)
  2 skysharks
  An orb spider (Spider:1)
  A pharaoh ant (Lair:3)
  A spectral anaconda (Lair:5)
  A lindwurm (Lair:5)
  A steelbarb worm (Lair:3)
  An orc knight (D:10)
  3 necromancers (Lair:5)
  9 wolf spiders
  An ugly thing (D:10)
  A moth of wrath (Spider:1)
  24 elephants
  2 dire elephant zombies (Lair:5)
  3 meliai (Spider:2)
  10 cane toads
  6 black mambas
  2 unseen horrors (D:10)
  A dire elephant skeleton (Lair:5)
  3 torpor snails
  2 rime drakes
  9 komodo dragons
  A troll (D:10)
  7 tarantellas
  A polar bear (Lair:2)
  A tyrant leech (Lair:3)
  15 blink frogs
  9 dream sheep
  A spectral elephant (Lair:5)
  12 culicivoras
  Sigmund (D:2)
  8 jumping spiders
  5 wyverns
  A shadow (D:9)
  3 basilisks
  29 yaks
  A steam dragon (D:8)
  21 redbacks
  Edmund (D:5)
  2 swamp worms (Lair:3)
  8 water moccasins
  An acid dragon (D:8)
  An orc warrior (D:9)
  A sky beast (D:8)
  3 black bears
  10 wolves
  5 centaurs
  A phantom (D:7)
  5 kobold brigands
  A brain worm (Sewer)
  9 bullfrogs
  A cane toad simulacrum (Lair:5)
  A scorpion (D:5)
  2 elephant simulacra (Lair:5)
  6 killer bees (D:7)
  An electric eel (Lair:4)
  A bombardier beetle (D:5)
  4 howler monkeys
  6 hounds
  A jelly (D:4)
  Crazy Yiuf (D:7)
  3 gnoll boudas
  8 orc priests
  3 sleepcaps (D:6)
  7 iguanas
  9 orc wizards
  Robin (D:2)
  14 gnolls
  6 adders
  3 river rats (Sewer)
  2 white imps
  2 ufetubi (D:6)
  4 dart slugs
  4 ribbon worms
  45 orcs
  11 ball pythons
  5 endoplasms
  16 giant cockroaches
  19 goblins
  16 hobgoblins
  5 jackals
  34 kobolds
  7 quokkas
  13 bats
  5 frilled lizards
  5 rats
  A butterfly (Lair:3)
536 creatures vanquished.

Vanquished Creatures (collateral kills)
  2 yaks (D:9)
  3 orcs (D:9)
5 creatures vanquished.

Grand Total: 541 creatures vanquished

Notes
Turn   | Place    | Note
-------+----------+-------------------------------------------
     0 | D:1      | anver83 the Vine Stalker Fighter began the quest for the
                  | Orb.
     0 | D:1      | Reached XP level 1. HP: 11/11 MP: 2/2
   126 | D:1      | Reached XP level 2. HP: 14/16 MP: 3/3
   149 | D:1      | You fall into a shaft and drop 1 floor!
   467 | D:1      | Identified a scroll of acquirement
   467 | D:1      | Acquired the +5 war axe of Ancient Evil {vamp, Int+3}
   489 | D:1      | Reached XP level 3. HP: 20/20 MP: 4/4
   722 | D:2      | Noticed Robin
   850 | D:2      | Killed Robin
   858 | D:2      | Reached XP level 4. HP: 24/24 MP: 5/5
   882 | D:2      | Found Duanemiu's Antique Weapon Shop.
   894 | D:2      | Found Eczud's General Store.
   894 | D:2      | Noticed Sigmund
   909 | D:2      | Killed Sigmund
   910 | D:2      | Reached skill level 2 in Axes
   910 | D:2      | Reached skill level 1 in Dodging
   910 | D:2      | Reached XP level 5. HP: 13/28 MP: 1/6
  1070 | D:2      | Found Asoy's Antique Weapon Shop.
  1094 | D:2      | Reached XP level 6. HP: 32/32 MP: 7/7
  1301 | D:2      | Found Ylecuzum's Magic Scroll Emporium.
  1821 | D:3      | Found a bloodstained altar of Trog.
  2324 | D:3      | Found a sacrificial altar of Ru.
  2890 | D:4      | Found an iron altar of Okawaru.
  2949 | D:4      | Reached XP level 7. HP: 37/37 MP: 8/8
  3016 | D:4      | Reached skill level 3 in Axes
  3118 | D:4      | Found a glowing golden altar of the Shining One.
  3164 | D:4      | Found a shimmering altar of Xom.
  3281 | D:4      | Found a burning altar of Makhleb.
  3285 | D:4      | Found an opulent altar of Gozag.
  3293 | D:4      | Became a worshipper of Gozag Ym Sagoz the Greedy
  3621 | D:5      | Entered Level 5 of the Dungeon
  3702 | D:5      | Found a white marble altar of Elyvilon.
  3758 | D:5      | Noticed Edmund
  3770 | D:5      | Killed Edmund
  3771 | D:5      | Reached skill level 4 in Axes
  3780 | D:5      | Found a snail-covered altar of Cheibriados.
  3933 | D:5      | Found a glowing drain.
  3961 | Sewer    | Entered a sewer
  4071 | Sewer    | Acquired the +5 executioner's axe of the Furious {protect,
                  | rPois rCorr MP+9 Dex-4}
  4224 | Sewer    | Gained mutation: You have razor-sharp teeth. [Vine Stalker
                  | growth]
  4224 | Sewer    | Reached XP level 8. HP: 42/42 MP: 6/9
  4533 | D:5      | Reached skill level 5 in Axes
  5125 | D:5      | Reached skill level 1 in Stealth
  5435 | D:6      | Reached skill level 6 in Axes
  5762 | D:6      | Reached XP level 9. HP: 44/46 MP: 10/10
  5788 | D:6      | Found Edun's Jewellery Shoppe.
  5790 | D:6      | Bought an amulet of regeneration for 360 gold pieces
  5997 | D:6      | Reached skill level 7 in Axes
  6002 | D:6      | Reached skill level 5 in Fighting
  6074 | D:6      | Found a hazy altar of Hepliaklqana.
  6247 | D:7      | Found Edwaigie's Tiny Tomes.
  6395 | D:7      | Reached skill level 8 in Axes
  6444 | D:7      | Reached skill level 5 in Armour
  6573 | D:7      | Found a staircase to the Ecumenical Temple.
  6984 | D:7      | Found a runed translucent door.
  6985 | D:7      | Noticed Crazy Yiuf
  6990 | D:7      | Killed Crazy Yiuf
  6991 | D:7      | Reached XP level 10. HP: 53/53 MP: 11/11
  7161 | D:8      | Reached skill level 9 in Axes
  8025 | D:9      | Noticed a two-headed ogre
  8047 | D:9      | Killed a two-headed ogre
  8087 | D:9      | Found a flagged portal.
  8152 | D:9      | Found a staircase to the Orcish Mines.
  8182 | D:9      | Reached skill level 10 in Axes
  8366 | D:9      | Found a broken altar of Ashenzari.
  8521 | D:9      | Gained mutation: Your mind is acute. (Int +4, Str/Dex -1)
                  | [potion of mutation]
  8521 | D:9      | Gained mutation: You are partially covered in iridescent
                  | scales. (AC +2) [potion of mutation]
  8521 | D:9      | Gained mutation: You have sharp toenails. [potion of
                  | mutation]
  8658 | D:9      | Found an ancient bone altar of Kikubaaqudgha.
  9032 | D:10     | Entered Level 10 of the Dungeon
  9045 | D:10     | Noticed a two-headed ogre
  9051 | D:10     | Killed a two-headed ogre
  9052 | D:10     | Reached XP level 11. HP: 58/58 MP: 12/12
  9161 | D:10     | Reached skill level 5 in Shields
  9440 | D:10     | Noticed an orc knight
  9473 | D:10     | Killed an orc knight
  9474 | D:10     | Reached skill level 11 in Axes
  9595 | D:10     | Noticed a red ugly thing
  9602 | D:10     | Killed a red ugly thing
  9699 | D:10     | Found a staircase to the Lair.
  9833 | D:10     | Noticed a two-headed ogre
  9841 | D:10     | Killed a two-headed ogre
 10025 | Lair:1   | Entered Level 1 of the Lair of Beasts
 10547 | Lair:1   | Reached XP level 12. HP: 64/64 MP: 13/13
 10636 | Lair:1   | Reached skill level 12 in Axes
 10880 | Lair:1   | You fall into a shaft and drop 1 floor!
 11153 | Lair:2   | Noticed a skyshark
 11163 | Lair:2   | Killed a skyshark
 11223 | Lair:2   | Reached skill level 1 in Throwing
 11486 | Lair:2   | Found a runed translucent gate.
 11486 | Lair:2   | Found a runed translucent gate.
 11487 | Lair:2   | Found a runed translucent gate.
 11487 | Lair:2   | Noticed unglucky's ghost (journeyman MiBe)
 12201 | Lair:2   | Reached skill level 13 in Axes
 12455 | Lair:3   | Noticed a skyshark
 12477 | Lair:3   | Reached XP level 13. HP: 61/69 MP: 14/14
 12635 | Lair:3   | Identified the amulet of Pitarch {Acrobat rElec rN++ Str+3
                  | Int+3}
 12955 | Lair:3   | Found a hole to the Spider Nest.
 12970 | Lair:3   | Acquired 1067 gold pieces
 13509 | Lair:4   | Reached skill level 14 in Axes
 13719 | Lair:4   | Found a viscous altar of Jiyva.
 13722 | Lair:4   | Found a staircase to the Slime Pits.
 14300 | Lair:5   | Entered Level 5 of the Lair of Beasts
 14342 | Lair:5   | Noticed a dire elephant
 14343 | Lair:5   | Noticed a dire elephant
 14343 | Lair:5   | Noticed a dire elephant
 14373 | Lair:4   | Killed a dire elephant
 14384 | Lair:5   | Noticed a dire elephant
 14416 | Lair:5   | Killed a dire elephant
 14598 | Lair:5   | Killed a dire elephant
 14609 | Lair:5   | Killed a dire elephant
 14634 | Lair:5   | Identified the +9 rapier of Repux {drain, rF+ rCorr Str+6}
 14829 | Lair:5   | Identified the amulet "Acsas" {Reflect Will+ Dex+3 SH+5
                  | SInv}
 15083 | Lair:5   | Reached skill level 15 in Axes
 15093 | Lair:5   | Reached XP level 14. HP: 76/76 MP: 15/15
 15108 | Lair:5   | Reached skill level 10 in Fighting
 15813 | Lair:3   | Found a staircase to the Swamp.
 15931 | Spider:1 | Entered Level 1 of the Spider Nest
 16392 | Spider:1 | Identified the +1 ring mail of Absence {rF+}
 16400 | Spider:1 | Noticed an emperor scorpion
 16404 | Spider:1 | Noticed Beaer's ghost (journeyman TrFi)
 16404 | Spider:1 | Noticed an emperor scorpion
 16415 | Spider:1 | Found a transporter.
 16427 | Spider:1 | Found a transporter.
 16568 | Spider:1 | Gained mutation: You occasionally lose the ability to read
                  | scrolls when taking damage. [mutagenic glow]
 16706 | Spider:1 | Noticed an emperor scorpion
 16728 | Spider:1 | Killed an emperor scorpion
 16729 | Spider:1 | Reached skill level 10 in Armour
 16961 | Spider:2 | Noticed a broodmother
 17088 | Spider:1 | Killed a broodmother
 17188 | Spider:2 | Reached XP level 15. HP: 83/83 MP: 16/16
 17327 | Spider:2 | HP: 1/124 [entropy weaver (7)]
 17327 | Spider:2 | Mangled by a redback

Illustrated notes

Levels and vault maps discovered:
D:1:      dpeg_arrival_windows_large_door, layout_loops_ring
D:2:      layout_loops_corners, serial_shops, nicolae_shop_advertising_works
          [nicolae_subvault_shop_adworks], nicolae_diamond_shop, shop, shop,
          serial_bayou, serial_bayou_crossing, serial_bayou_lagoon_b,
          serial_bayou_pond_a, serial_bayou_pond_a, kennysheep_nondescript,
          grunt_decor_junction, uniq_robin, uniq_sigmund
D:3:      layout_basic, nicolae_ru_path_of_blood, mainiacjoe_overflow_boulevard
D:4:      layout_basic, minmay_overflow_temple_star_quad, amcnicky_altar_gilded,
          regret_index_xom_buried_treasure, serial_corexii_hall,
          corexii_hall_statues_t, corexii_hall_statues_t,
          corexii_hall_statues_x, corexii_hall_statues_i,
          corexii_hall_statues_s, corexii_hall_statues_x,
          minmay_misc_feat_doors, nicolae_underground_beach
D:5:      layout_basic, cheibriados_altar_1, mainiacjoe_overflow_paths,
          gup_sewer_entry_pipe, minmay_misc_feat_rows, sigmund_army, uniq_edmund
D:6:      layout_gridville, nicolae_hepliaklqana_hippocampus, serial_shops,
          nicolae_shop_gaudy_bauble, roderic_lattice_a,
          kennysheep_generic_room_11
D:7:      layout_loops_ring, minmay_temple_entry_from_below_a,
          reono_crystal_passage, nicolae_shop_i_like_small_books_too,
          uniq_crazy_yiuf_cottage
D:8:      layout_basic, dk_noncrumbling_4
D:9:      layout_irregular_city, mainiacjoe_overflow_six_doors_small,
          nicolae_ashenzari_panopticon, hiddenorc2_lemuel, enter_bailey_5
D:10:     layout_cross, david_lair_generic, lightli_fourway_metalbox
Lair:1:   layout_cave_pods
Lair:2:   layout_cave_pods, ebering_ghost_rock_garden
Lair:3:   layout_chaotic_city, palyth_hydra_swamp_entry,
          spider_nest_entry_web_field, eino_small_chamber_without_monster,
          lemuel_fruit_fields, lemuel_fruit_tree
Lair:4:   layout_regular_city, slime_entry_1, serial_bayou_shore_a,
          grunt_megastairs_2
Lair:5:   due_jungle_book, layout_cellular_growth
Spider:1: layout_spider_delve, gammafunk_ghost_arena
Spider:2: cheibrodos_spider_silkery

Skill      XL: |  1  2  3  4  5  6  7  8  9 10 11 12 13 14 15 |
---------------+----------------------------------------------+-----
Maces & Flails | 2 3 |  3.5
Fighting       | 3 4 5 6 7 8 9 11 | 11.6
Shields        | 3 4 5 6 7 8 |  8.0
Axes           | 2 4 6 8 10 11 13 15 | 15.8
Armour         | 3 4 5 7 8 9 10 | 10.5
Dodging        | 1 2 3 |  3.6
Stealth        | 1 2 3 4 |  4.1
Throwing       | 1 |  1.0

Action                     |  1- 3 |  4- 6 |  7- 9 | 10-12 | 13-15 || total
---------------------------+-------+-------+-------+-------+-------++-------
  Melee: Flail             |    47 |       |       |       |    14 ||    61
         Bite              |    15 |    19 |    51 |   154 |   260 ||   499
         War axe           |    37 |   109 |   228 |   444 |   575 ||  1393
  Throw: Throwing net      |       |       |       |     3 |     1 ||     4
 Invoke: Potion Petition   |       |       |       |     1 |     7 ||     8
    Use: Scroll            |     2 |     6 |     9 |    13 |     3 ||    33
         Potion            |       |       |       |     2 |     1 ||     3
   Stab: Distracted        |       |       |       |     5 |     1 ||     6
         Held in net/web   |       |       |       |       |     1 ||     1
 Armour: Scale mail        |    59 |    62 |   157 |   228 |       ||   506
         Crystal plate arm |       |       |       |   189 |   708 ||   897
  Dodge: Dodged            |    53 |    30 |   123 |   141 |   283 ||   630
  Block: Buckler           |    16 |    21 |    57 |   131 |   183 ||   408
